Map: 赛博森林-天梯版

Players

DnS - Winner!

  • Race: Protoss Protoss

EnDerr

  • Race: Zerg Zerg
  • League: Diamond

Event: WESG 2018 Grand Finals

VOD

Have the link to the VOD?

Description

Time

  • Played on: March 12, 2019, 1:55 a.m.
  • Length: 8:34

All games in this series

Show
View Real Time Build Order
Export as new Build Order

DnS Protoss - Winner!

Build Orders: 1 Gate Expand, Zealot Archon, Archon Drop, Dark Templar Rush 

Get SALT Encoding   

  12  0:00  Probe  
  13  0:12  Probe  
  14  0:19  Pylon  
  14  0:24  Probe  
  15  0:33  Probe  
  15  0:40  Gateway  
  15  0:41  Probe  
  16  0:47  Assimilator  
  17  0:51  Probe  
  18  1:03  Probe  
  19  1:15  Probe  
  20  1:23  Nexus  
  20  1:36  Cybernetics Core  
  20  1:38  Probe  
  21  1:44  Assimilator  
  21  1:50  Probe  
  21  1:53  Pylon  
  22  2:02  Adept, Probe  
  23  2:14  Probe  
  26  2:19  Twilight Council  
  26  2:23  Stalker  
  26  2:25  Warp Gate  
  26  2:27  Probe  
  27  2:32  Probe  
  30  2:39  Probe  
  30  2:40  Probe  
  31  2:49  Robotics Facility  
  31  2:50  Probe  
  32  2:51  Probe  
  34  3:02  Probe  
  34  3:03  Probe  
  36  3:14  Probe  
  36  3:15  Probe  
  36  3:22  Dark Shrine  
  36  3:26  Adept  
  36  3:27  Probe, Gateway  
  39  3:28  Probe  
  39  3:34  Warp Prism  
  40  3:38  Gateway x2  
  40  3:48  Assimilator  
  42  3:50  Assimilator  
  42  3:51  Probe  
  42  3:53  Probe  
  44  4:00  Pylon  
  44  4:04  Probe  
  44  4:05  Pylon, Probe  
  46  4:18  Probe x2  
  48  4:30  Probe x2  
  50  4:37  Dark Templar x4  
  58  4:41  Pylon  
  58  4:42  Probe  
  59  4:56  Nexus  
  59  4:58  Observer  
  59  5:06  Archon x2  
  60  5:07  Immortal  
  60  5:11  Pylon  
  60  5:17  Probe x2  
  60  5:19  Forge  
  66  5:24  Charge  
  66  5:29  Probe x2  
  68  5:36  Sentry x4  
  68  5:40  Pylon  
  68  5:41  Probe x2  
  78  5:44  Pylon  
  78  5:49  Protoss Ground Weapons Level 1, Immortal  
  78  5:58  Probe  
  83  6:04  Gateway  
  83  6:05  Probe  
  83  6:06  Gateway  
  83  6:10  Probe  
  85  6:11  Probe  
  85  6:16  Gateway  
  86  6:18  Immortal  
  86  6:19  Gateway  
  86  6:20  Probe  
  86  6:22  Probe  
  92  6:33  Dark Templar x2  
  92  6:36  Zealot  
  92  6:37  Archon  
  98  6:42  Pylon  
  98  6:43  Pylon  
  98  6:49  Dark Templar  
  100  6:57  Pylon  
  100  6:59  Pylon  
  100  7:05  Zealot x5  
  110  7:16  Dark Templar x2  
  110  7:22  Archon  
  112  7:30  Zealot x4  
  112  7:31  Zealot x2  
  112  7:34  Pylon  
  106  7:57  Zealot x8  
  106  8:18  Zealot x8  
Show
View Real Time Build Order
Export as new Build Order

EnDerr Zerg 

Build Orders: Hatch First 

Get SALT Encoding   

  12  0:00  Drone  
  13  0:12  Overlord  
  13  0:17  Drone  
  14  0:30  Drone x2  
  16  0:48  Hatchery  
  15  0:52  Drone  
  15  0:56  Drone  
  17  0:59  Drone  
  18  1:09  Extractor  
  17  1:15  Spawning Pool  
  16  1:19  Drone  
  16  1:22  Drone  
  18  1:28  Drone  
  19  1:41  Drone  
  20  1:50  Drone  
  21  2:02  Queen x2  
  21  2:03  Zergling x4  
  27  2:15  Overlord  
  27  2:18  Drone  
  28  2:36  Drone x4  
  32  2:48  Hatchery  
  31  2:55  Overlord  
  29  3:07  Drone  
  29  3:10  Drone x4  
  29  3:12  Drone x2  
  36  3:19  Drone x2  
  37  3:21  Queen  
  37  3:26  Overlord  
  39  3:32  Roach Warren  
  38  3:34  Lair  
  38  3:42  Drone x3  
  38  3:43  Drone  
  42  3:50  Drone x3  
  42  3:54  Extractor  
  44  3:57  Overlord  
  44  3:59  Queen  
  46  4:07  Drone  
  46  4:08  Overlord  
  47  4:13  Spore Crawler  
  50  4:17  Roach x2  
  50  4:18  Roach x2  
  54  4:26  Roach x3  
  54  4:30  Roach  
  62  4:31  Glial Reconstitution  
  62  4:33  Overseer  
  62  4:39  Drone  
  62  4:40  Evolution Chamber  
  62  4:44  Spore Crawler, Drone  
  62  4:54  Drone x4  
  62  4:55  Drone x4  
  62  4:59  Overlord  
  70  5:01  Drone  
  70  5:06  Zerg Missile Weapons Level 1  
  71  5:12  Extractor  
  70  5:18  Roach x4  
  78  5:22  Overlord x2  
  78  5:27  Drone  
  78  5:28  Overlord  
  79  5:30  Drone x3  
  82  5:40  Drone  
  82  5:41  Drone x6  
  89  5:57  Overlord  
  89  6:00  Extractor  
  89  6:01  Hydralisk Den  
  89  6:03  Spire  
  87  6:08  Extractor  
  87  6:10  Drone, Extractor  
  87  6:11  Drone x3  
  88  6:12  Drone x4  
  88  6:13  Drone x3  
  88  6:14  Overlord  
  88  6:15  Overlord  
  88  6:17  Roach  
  96  6:36  Hydralisk Den  
  95  6:42  Overlord x2  
  95  6:48  Drone x3  
  95  6:49  Overlord  
  95  6:50  Roach x5  
  95  6:51  Roach  
  110  6:55  Hatchery  
  110  6:58  Roach  
  110  6:59  Roach  
  113  7:02  Roach  
  113  7:03  Roach  
  112  7:18  Drone x3  
  112  7:19  Drone x4  
  112  7:22  Spore Crawler, Drone  
  119  7:23  Roach  
  119  7:24  Roach  
  119  7:25  Roach  
  119  7:26  Roach  
  119  7:27  Ravager x5  
  119  7:28  Ravager x2  
  119  7:29  Roach  
  136  7:32  Roach  
  138  7:43  Roach  
  138  7:45  Roach  
  138  7:50  Roach  
  138  7:51  Roach x2  
  134  7:53  Roach  
  134  7:54  Roach x3  
  134  7:55  Roach x2  
  134  7:56  Roach  
  134  7:58  Roach  
  128  8:00  Roach  
  128  8:02  Roach x3  
  132  8:07  Roach  
  132  8:08  Roach  
  132  8:09  Roach  
  132  8:12  Roach  
  126  8:13  Roach x2  
  126  8:14  Roach  
Tags
 
Add a new tag
Caveats
  • Supply blocks, unpowered buildings, or Contaminate may cause inaccurate times.
  • Supply counts are checked every 10 seconds.